Map: Port Aleksander LE

Players

goblin - Winner!

  • Race: Protoss Protoss
  • Spawn Location: 5:00

BratOK (Brat_OK)

  • Race: Terran Terran
  • Spawn Location: 11:00

Event: 2019 WCS Spring

VOD

Have the link to the VOD?

Description

Time

  • Played on: May 17, 2019, 10:53 a.m.
  • Length: 9:46

All games in this series

Show
View Real Time Build Order
Export as new Build Order

goblin Protoss - Winner!

Build Orders: Dark Templar Rush 

Get SALT Encoding   

  12  0:00  Probe  
  13  0:12  Probe  
  14  0:19  Pylon  
  14  0:24  Probe  
  15  0:33  Probe  
  15  0:38  Gateway  
  15  0:41  Probe  
  16  0:47  Assimilator  
  17  0:51  Probe  
  18  0:58  Assimilator  
  18  0:59  Probe  
  19  1:07  Probe  
  19  1:08  Pylon  
  19  1:17  Probe  
  21  1:26  Cybernetics Core  
  21  1:30  Probe  
  22  1:36  Zealot  
  24  1:42  Probe  
  25  1:55  Probe, Adept  
  26  2:03  Twilight Council  
  28  2:10  Warp Gate  
  28  2:15  Robotics Facility  
  28  2:23  Stalker  
  30  2:32  Pylon  
  30  2:46  Dark Shrine  
  30  2:50  Gateway  
  30  2:54  Warp Prism  
  32  3:07  Probe  
  33  3:32  Nexus  
  33  3:35  Probe  
  34  3:58  Dark Templar x2  
  34  4:00  Observer  
  39  4:06  Probe  
  38  4:23  Blink  
  38  4:26  Probe  
  39  4:33  Gateway  
  39  4:35  Probe  
  39  4:40  Probe  
  39  4:45  Probe  
  39  4:48  Probe  
  39  4:50  Dark Templar  
  43  4:53  Warp Prism  
  43  4:57  Probe  
  43  4:58  Probe  
  45  5:11  Dark Templar  
  45  5:12  Probe  
  45  5:13  Probe  
  49  5:15  Gateway  
  49  5:16  Pylon  
  49  5:25  Probe  
  50  5:28  Immortal  
  50  5:29  Probe  
  51  5:37  Probe  
  51  5:40  Stalker x2, Observer  
  60  5:43  Assimilator  
  60  5:46  Assimilator  
  58  5:52  Probe x2, Pylon  
  60  6:00  Dark Templar  
  60  6:08  Probe x2  
  62  6:13  Stalker  
  62  6:17  Shield Battery  
  64  6:22  Probe  
  64  6:25  Dark Templar  
  67  6:28  Probe  
  67  6:31  Pylon  
  67  6:32  Forge  
  68  6:35  Probe  
  69  6:40  Probe  
  69  6:44  Immortal, Pylon  
  69  6:45  Charge  
  70  6:49  Probe  
  72  6:54  Probe  
  74  7:04  Probe  
  74  7:06  Nexus  
  74  7:07  Pylon  
  75  7:13  Dark Templar  
  77  7:17  Stalker, Immortal  
  77  7:18  Sentry  
  81  7:22  Protoss Ground Weapons Level 1  
  85  7:33  Observer  
  85  7:35  Probe  
  82  7:45  Probe  
  82  7:47  Stalker x3, Probe  
  82  7:49  Stalker  
  90  7:54  Pylon  
  86  8:05  Observer  
  86  8:11  Dark Templar x2  
  90  8:13  Probe x2  
  90  8:14  Stalker  
  90  8:19  Gateway  
  94  8:21  Gateway  
  94  8:26  Probe x2  
  94  8:29  Probe  
  94  8:32  Forge  
  94  8:34  Probe  
  97  8:41  Probe  
  99  8:46  Observer  
  99  8:51  Dark Templar  
  99  8:52  Probe  
  100  8:56  Probe  
  100  9:00  Probe  
  100  9:09  Probe  
  101  9:14  Gateway  
  101  9:15  Gateway  
  99  9:17  Assimilator  
  99  9:18  Assimilator, Gateway  
  99  9:20  Pylon  
  99  9:21  Gateway  
  97  9:26  Pylon  
  101  9:33  Nexus  
  101  9:34  Pylon  
  101  9:38  Zealot x2, Dark Templar  
Show
View Real Time Build Order
Export as new Build Order

BratOK Terran 

Build Orders:  

Get SALT Encoding   

  12  0:00  SCV  
  13  0:12  SCV  
  14  0:17  Supply Depot  
  14  0:25  SCV  
  15  0:39  SCV  
  15  0:40  Barracks  
  16  0:44  Refinery  
  16  0:51  SCV  
  17  1:03  SCV  
  18  1:15  SCV  
  19  1:28  Orbital Command, Barracks Reactor  
  19  1:43  Command Center  
  19  1:52  Supply Depot  
  19  1:57  SCV  
  20  2:03  Bunker  
  20  2:07  Marine x2  
  22  2:18  Factory  
  22  2:22  SCV  
  23  2:27  Marine x2  
  25  2:34  SCV  
  25  2:40  Refinery  
  25  2:46  Marine x2  
  25  2:47  SCV  
  28  2:59  SCV  
  28  3:03  Widow Mine  
  28  3:05  Starport  
  31  3:08  Orbital Command  
  31  3:12  Marine  
  32  3:17  Marine  
  33  3:20  SCV  
  33  3:25  Factory Tech Lab  
  34  3:31  Marine  
  35  3:34  SCV  
  35  3:35  SCV, Marine  
  38  3:44  Viking  
  40  3:50  Siege Tank, Marine  
  40  3:54  Supply Depot  
  44  3:55  SCV  
  45  4:08  Marine x2  
  43  4:15  Starport Tech Lab  
  41  4:18  SCV  
  37  4:47  Marine x2  
  37  4:50  SCV  
  38  4:53  SCV  
  38  5:02  SCV  
  38  5:07  Raven  
  38  5:08  SCV  
  38  5:13  Marine x2  
  38  5:14  SCV  
  44  5:20  SCV  
  45  5:26  SCV  
  42  5:32  SCV  
  43  5:38  Orbital Command  
  36  5:54  SCV  
  37  6:03  Siege Tank  
  40  6:06  SCV  
  40  6:07  SCV  
  42  6:19  SCV  
  42  6:22  SCV  
  44  6:27  Marine  
  44  6:28  Stimpack  
  44  6:31  SCV  
  42  6:42  SCV  
  42  6:45  Marine  
  43  6:51  SCV  
  44  6:57  SCV  
  45  7:03  SCV  
  46  7:13  Supply Depot  
  46  7:16  SCV, Marine  
  48  7:23  Orbital Command  
  47  7:36  Marine  
  45  7:37  SCV  
  46  7:48  SCV, Siege Tank  
  46  7:49  SCV  
  50  8:00  SCV  
  50  8:01  Marine  
  50  8:05  SCV  
  51  8:11  Engineering Bay  
  51  8:13  SCV  
  51  8:18  SCV  
  53  8:21  Barracks  
  53  8:23  Marine  
  54  8:31  Supply Depot  
  54  8:37  Missile Turret  
  54  8:49  SCV  
  54  8:53  SCV  
  54  9:06  SCV  
  55  9:14  SCV  
Tags
 
Add a new tag
Caveats
  • Supply blocks, unpowered buildings, or Contaminate may cause inaccurate times.
  • Supply counts are checked every 10 seconds.